 Dungeon Sprint DCSS version 0.24-a0-537-g2d01d4a (webtiles) character file.

Game seed: 10724453724205161864

7917 Faca the Warrior (level 11, -3/108 HPs)
             Began as a Formicid Fighter on Aug 13, 2019.
             Was the Champion of the Shining One.
             Slain by an orc high priest
             ... wielding a +2 short sword of holy wrath
              (5 damage)
             ... in the Dungeon (Sprint IX: "|||||||||||||||||||||||||||||").
             The game lasted 00:06:44 (2492 turns).

Faca the Warrior (Formicid Fighter)                 Turns: 2492, Time: 00:06:45

Health: -3/108     AC: 18    Str: 25    XL:     11   Next: 46%
Magic:  11/11      EV:  9    Int:  7    God:    the Shining One [******]
Gold:   700        SH: 14    Dex: 13    Spells: 10/10 levels left

rFire    . . .     SeeInvis +   q - +2 scimitar (holy)
rCold    . . .     Gourm    .   g - +1 shield {rPois}
rNeg     + + +     Faith    .   s - +0 plate armour
rPois    +         Spirit   .   (helmet unavailable)
rElec    .         Reflect  .   C - +0 cloak
rCorr    .         Harm     .   r - +0 pair of gloves
MR       +....                  B - +0 pair of boots
Stlth    ..........             (no amulet)
HPRegen  0.28/turn              t - +3 ring of dexterity
MPRegen  0.12/turn              u - +2 ring of evasion

@: glowing
A: permanent stasis, dig shafts and tunnels, four strong arms, antennae 3
a: Dig, Divine Shield, Cleansing Flame, Summon Divine Warrior, Brand Weapon With
Holy Wrath, Renounce Religion


You were in the Dungeon.
You worshipped the Shining One.
The Shining One was exalted by your worship.
You were not hungry.

You visited 1 branch You collected 700 gold pieces.

Inventory:

Hand Weapons
 p - a +2 rapier of electrocution
 q - a +2 scimitar of holy wrath (weapon)
Armour
 g - a +1 shield of poison resistance (worn)
 r - a +0 pair of gloves (worn)
 s - a +0 plate armour (worn)
 B - a +0 pair of boots (worn)
 C - a +0 cloak (worn)
Jewellery
 t - a +3 ring of dexterity (left hand)
 u - a +2 ring of evasion (right hand)
Wands
 o - a wand of iceblast (10)
Scrolls
 k - 3 scrolls of blinking
 m - 3 scrolls of remove curse
 n - 2 scrolls of amnesia
 w - 3 scrolls of identify
 x - 2 scrolls of enchant weapon
 y - a scroll of fear
Potions
 a - 2 potions of heal wounds
 c - a potion of brilliance
 d - a potion of might
 e - 5 potions of curing
 h - a potion of haste
 i - 4 potions of magic
 j - 2 potions of berserk rage
 l - a potion of mutation
 v - a potion of agility
 z - a potion of lignification
Comestibles
 A - 11 rations


   Skills:
 + Level 17.8 Fighting
 + Level 16.4 Long Blades
 + Level 9.9 Armour
 + Level 10.7 Shields


You had 10 spell levels left.
You didn't know any spells.
Your spell library was empty.

Dungeon Overview and Level Annotations

Branches:
Dungeon (1/1)

Altars:
Cheibriados
Dithmenos
Elyvilon
Fedhas
Gozag
Hepliaklqana
Kikubaaqudgha
Makhleb
Nemelex Xobeh
Okawaru
Qazlal
Ru
Sif Muna
Trog
Uskayaw
Vehumet
Wu Jian
Xom
Yredelemnul
Zin
The Shining One
Beogh
Jiyva
Lugonu


Innate Abilities, Weirdness & Mutations

You cannot be hasted, slowed, berserked, paralysed or teleported.
You can dig through walls and to a lower floor.
Your four strong arms can wield two-handed weapons with a shield.
You have a pair of large antennae on your head. (SInv)


Message History

The orc high priest is moderately wounded.
The orc high priest barely misses you.
You slice the orc high priest!!
The orc high priest is severely wounded.
You barely miss the orc high priest.
The orc high priest is severely wounded.
The sixfirhy hits you.
* * * LOW HITPOINT WARNING * * *
The sixfirhy shocks you!
* * * LOW HITPOINT WARNING * * *
You block the orc high priest's attack.
You barely miss the orc high priest.
The orc high priest is severely wounded.
You block the sixfirhy's attack. The sixfirhy hits you.
* * * LOW HITPOINT WARNING * * *
The sixfirhy shocks you!
* * * LOW HITPOINT WARNING * * *
You block the sixfirhy's attack.
The orc high priest hits you with a +2 short sword of holy wrath.
You die...

▓▓▓▓▓▓▓▓▓▓▓
▓<▓...▓.@o▓
▓.▓.▓.▓3▓.▓
▓.▓.▓.▓.▓.▓
▓)▓.▓.▓.▓.▓
▓'▓.▓.▓.▓.▓
▓)▓.▓.▓.▓)▓
▓.▓.▓.▓.▓)▓
▓.▓.▓'▓.▓.▓
▓.▓.▓.▓.▓.▓


You could see an orc high priest and a sixfirhy.

Vanquished Creatures
  A hydra (D)
  A tengu warrior (D)
  2 orc knights (D)
  A black mamba (D)
  A spiny frog (D)
  A kobold demonologist (D)
  2 komodo dragons (D)
  A tengu conjurer (D)
  A troll (D)
  2 tyrant leeches (D)
  A hornet (D)
  2 blink frogs (D)
  A hippogriff (D)
  A wyvern (D)
  A basilisk (D)
  2 yaks (D)
  A steam dragon (D)
  A vampire mosquito (D)
  A water moccasin (D)
  3 porcupines (D)
  A black bear (D)
  6 orc warriors (D)
  A phantom (D)
  A wolf (D)
  A crocodile (D)
  7 bullfrogs (D)
  A howler monkey (D)
  A crimson imp (D)
  A jelly (D)
  2 orc priests (D)
  3 orc wizards (D)
  A worker ant (D)
  An adder (D)
  A shadow imp (D)
  An ooze (D)
  7 orcs (D)
  2 kobolds (D)
  A frilled lizard (D)
  2 goblins (D)
68 creatures vanquished.

Vanquished Creatures (others)
  A spatial maelstrom (D)
1 creature vanquished.

Grand Total: 69 creatures vanquished

Notes
Turn   | Place    | Note
-------+----------+-------------------------------------------
     0 | D        | Faca the Formicid Fighter began the quest for the Orb.
     0 | D        | Reached XP level 1. HP: 18/18 MP: 1/1
     9 | D        | Banished a spatial maelstrom
    22 | D        | Reached skill level 4 in Fighting
    22 | D        | Reached XP level 2. HP: 14/26 MP: 2/2
   174 | D        | Noticed a howler monkey
   174 | D        | Noticed a phantom
   176 | D        | Reached skill level 5 in Fighting
   181 | D        | Reached XP level 3. HP: 27/33 MP: 3/3
   188 | D        | Reached skill level 6 in Fighting
   188 | D        | Reached skill level 5 in Long Blades
   188 | D        | Reached XP level 4. HP: 29/41 MP: 4/4
   226 | D        | Killed a phantom
   226 | D        | Reached skill level 8 in Fighting
   226 | D        | Reached XP level 5. HP: 26/51 MP: 5/5
   233 | D        | Found a roughly hewn altar of Beogh.
   233 | D        | Found a snail-covered altar of Cheibriados.
   233 | D        | Found a shadowy altar of Dithmenos.
   233 | D        | Found a white marble altar of Elyvilon.
   233 | D        | Found a blossoming altar of Fedhas.
   233 | D        | Found an opulent altar of Gozag.
   234 | D        | Found a hazy altar of Hepliaklqana.
   235 | D        | Found a viscous altar of Jiyva.
   236 | D        | Found an ancient bone altar of Kikubaaqudgha.
   237 | D        | Found a corrupted altar of Lugonu.
   238 | D        | Found a burning altar of Makhleb.
   239 | D        | Found a sparkling altar of Nemelex Xobeh.
   240 | D        | Found an iron altar of Okawaru.
   241 | D        | Found a stormy altar of Qazlal.
   242 | D        | Found a sacrificial altar of Ru.
   243 | D        | Found a shimmering blue altar of Sif Muna.
   244 | D        | Found a bloodstained altar of Trog.
   245 | D        | Found a hide-covered altar of Uskayaw.
   246 | D        | Found a radiant altar of Vehumet.
   247 | D        | Found an ornate altar of the Wu Jian Council.
   248 | D        | Found a shimmering altar of Xom.
   249 | D        | Found a basalt altar of Yredelemnul.
   250 | D        | Found a glowing silver altar of Zin.
   251 | D        | Found a glowing golden altar of the Shining One.
   259 | D        | Became a worshipper of the Shining One
   373 | D        | Noticed a steam dragon
   373 | D        | Noticed a black bear
   373 | D        | Reached * piety under the Shining One
   373 | D        | Noticed a troll
   378 | D        | Killed a steam dragon
   378 | D        | Reached skill level 10 in Fighting
   378 | D        | Reached XP level 6. HP: 43/60 MP: 6/6
   378 | D        | Reached ** piety under the Shining One
   389 | D        | Killed a black bear
   389 | D        | Reached skill level 11 in Fighting
   389 | D        | Reached skill level 10 in Long Blades
   389 | D        | Reached XP level 7. HP: 29/68 MP: 7/7
   400 | D        | Killed a troll
   400 | D        | Reached skill level 12 in Fighting
   567 | D        | Noticed a tengu warrior
   567 | D        | Noticed a tengu conjurer
   567 | D        | Noticed a wyvern
   567 | D        | Noticed a kobold demonologist
   567 | D        | Reached *** piety under the Shining One
   567 | D        | Noticed a yak
   569 | D        | Noticed a hellwing
   588 | D        | Killed a tengu warrior
   588 | D        | Reached skill level 14 in Fighting
   588 | D        | Reached XP level 8. HP: 12/81 MP: 8/8
   595 | D        | Killed a tengu conjurer
   595 | D        | Reached XP level 9. HP: 9/88 MP: 9/9
   609 | D        | Killed a kobold demonologist
   609 | D        | Reached skill level 15 in Fighting
   611 | D        | HP: 4/89 [yak (8)]
  1094 | D        | Noticed a komodo dragon
  1094 | D        | Reached **** piety under the Shining One
  1094 | D        | Noticed a black mamba
  1095 | D        | Noticed a komodo dragon
  1105 | D        | Killed a komodo dragon
  1106 | D        | Noticed a spiny frog
  1111 | D        | Killed a black mamba
  1111 | D        | Reached skill level 16 in Fighting
  1111 | D        | Reached XP level 10. HP: 55/98 MP: 10/10
  1279 | D        | Reached skill level 5 in Shields
  1284 | D        | Killed a komodo dragon
  1284 | D        | Reached skill level 5 in Armour
  1286 | D        | Reached skill level 15 in Long Blades
  1294 | D        | Killed a spiny frog
  1501 | D        | Reached ***** piety under the Shining One
  1506 | D        | Noticed a six-headed hydra
  1530 | D        | Killed a six-headed hydra
  1533 | D        | Reached skill level 17 in Fighting
  1918 | D        | Reached ****** piety under the Shining One
  1921 | D        | Reached XP level 11. HP: 81/107 MP: 11/11
  2235 | D        | Noticed an orc knight
  2262 | D        | Killed an orc knight
  2262 | D        | Reached skill level 10 in Shields
  2401 | D        | Noticed an orc knight
  2426 | D        | Killed an orc knight
  2473 | D        | Noticed an orc high priest
  2489 | D        | Noticed a sixfirhy
  2492 | D        | HP: 2/108 [sixfirhy[an orc high priest] (9)]
  2492 | D        | Slain by an orc high priest

Levels and vault maps discovered:
D:        linesprint [early_d, line_temple, items_1, d_10, items_2, lair_1,
          lair_end, items_3, orc_1, orc_end, items_4, d_15, swamp_1, shoals_1,
          snake_1, spider_1, d_20, vaults_1, items_5, swamp_end, shoals_end,
          snake_end, spider_end, vaults_end, d_27, items_6, zot_1, zot_end,
          crypt_end, forest_end, elf_end, slime_end, tomb_end, abyss_end,
          pan_hell_end]

Skill      XL: |  1  2  3  4  5  6  7  8  9 10 11 |
---------------+----------------------------------+-----
Fighting       | 4 5 6 8 10 11 14 16 17 | 17.8
Long Blades    | 3 4 5 7 9 10 12 13 14 15 16 | 16.4
Armour         | 4 8 9 |  9.9
Shields        | 4 8 10 | 10.7

Action                   |  1- 3 |  4- 6 |  7- 9 | 10-12 || total
-------------------------+-------+-------+-------+-------++-------
Melee: Long sword        |    39 |    14 |       |       ||    53
       Scimitar          |       |    16 |    66 |   155 ||   237
       Rapier            |       |       |       |     9 ||     9
  Use: Potion            |       |       |     3 |       ||     3
  Eat: Ration            |       |       |       |     1 ||     1
       Chunk             |       |       |       |     2 ||     2
Armor: Scale mail        |    11 |    15 |    23 |    18 ||    67
       Plate armour      |       |       |       |    10 ||    10
Dodge: Dodged            |    11 |     8 |    29 |    24 ||    72
Block: Shield            |    18 |     9 |    29 |    63 ||   119
       Rpst.: Long sword |     3 |       |       |       ||     3
       Scimitar          |       |     1 |     7 |     6 ||    14

Table legend:
 A = Non-vault XP
 B = Vault XP
 C = Vault XP percentage of total XP
 D = Non-vault monster count
 E = Vault monster count
 F = Vault count percentage of total count
                 A         B        C        D         E       F
            +---------+---------+-------+---------+---------+-------
      Total |       0 |   11310 | 100.0 |       0 |      68 | 100.0
            +---------+---------+-------+---------+---------+-------
          D |       0 |   11310 | 100.0 |       0 |      68 | 100.0
            +---------+---------+-------+---------+---------+-------
